AoeStats
← Kanyaga

Arabia

508106394Analyzed
1v1 RM · 12d ago on Sep 20, 2026· 23m 44s· 2 players
Game mode
Random Map
Map size
Tiny (2 player)
Population
200
Speed
Normal
Resources
Standard
Victory
Conquest
Starting age
Dark Age
Ending age
Imperial Age
RankedLock teamsTeams togetherTeam positionsShared explorationLock speedFull tech treeHidden civsTurbo modeCheats
Victory
Defeat
🇹🇷 Huns · Türkiye
1436
+18
🇨🇦 Italians · Canada
1475
-18
Kanyaga
2:12 Loom
8:56 Feudal Age
9:30 Double-Bit Axe
17:29 Wheelbarrow
18:45 Scale Barding Armor
21:10 Castle Age
19:17 Horse Collar
19:55 Scale Barding Armor
20:32 Forging
20:26 Gold Mining
21:17 Bloodlines
22:13 Bow Saw
23:25 Arson
23:48 Husbandry
Rayman
6:20 Loom
7:55 Loom
9:57 Feudal Age
16:23 Wheelbarrow
22:58 Castle Age
20:52 Horse Collar
21:03 Gold Mining
21:46 Double-Bit Axe
22:49 Scale Mail Armor
23:30 Forging
23:54 Bow Saw
23:12 Pikeman
Connection lost

Rejoining the realm…

Still unreachable

The connection could not be restored.

Session expired

The server has moved on; the page needs a fresh start.